 Dungeon Crawl Stone Soup version 0.27.1-1-g398f81649c (webtiles) character file.

Game seed: 17972720672379130349

6302 jlumianski the Cruncher (level 10, 0/91 HPs)
             Began as a Deep Dwarf Fighter on Sept 9, 2021.
             Was a Believer of Makhleb.
             Collided with a thrashing horror (7 damage)
             ... caused by a wretched star
             ... on level 3 of the Abyss on Sept 10, 2021.
             The game lasted 00:53:18 (7284 turns).

jlumianski the Cruncher (Deep Dwarf Fighter)        Turns: 7284, Time: 00:53:18

Health: 0/91       AC: 13    Str: 22    XL:     10   Next: 63%
Magic:  4/4        EV: 17    Int: 10    God:    Makhleb [**....]
Gold:   679        SH:  0    Dex: 12    Spells: 9/9 levels left

rFire    . . .     SeeInvis .   J - +1 lajatang (vamp)
rCold    . . .     Faith    .   (shield currently unavailable)
rNeg     . . .     Spirit   .   i - +0 acid dragon scales
rPois    .         Reflect  .   h - +2 helmet
rElec    .         Harm     .   (no cloak)
rCorr    +         Rampage  .   (no gloves)
Will     +....     Rnd*Rage +   (no boots)
Stlth    ++........             (no amulet)
HPRegen  0.00/turn              q - +4 ring of evasion
MPRegen  0.09/turn              (no ring)

@: no status effects
A: damage resistance, heal wounds, sense surroundings 2, no regeneration,
iridescent scales 1, berserk 1
a: Heal Wounds, Renounce Religion, Minor Destruction


You were on level 3 of the Abyss.
You worshipped Makhleb.
Makhleb was pleased with you.
You visited 2 branches of the dungeon, and saw 10 of its levels.
You visited the Abyss 1 time.

You collected 802 gold pieces.
You spent 123 gold pieces at shops.

Inventory:

Hand Weapons
 a - a +0 war axe
 j - a +2 great sword of freezing
 n - a +4 dagger
 p - the +5 hunting sling "Kihogumu" {venom, rElec Str+4 Dex+3 Stlth+}
   (You found it on level 6 of the Dungeon)

   Any ammunition fired from it poisons the flesh of those it strikes.
   Str:       It affects your strength (+4).
   Dex:       It affects your dexterity (+3).
   rElec:     It insulates you from electricity.
   Stlth:     It makes you more stealthy.
 s - a +0 hunting sling
 u - a +1 dagger of venom
 D - a +1 whip of holy wrath
 E - a +2 whip of flaming
 J - a +1 vampiric lajatang (weapon)
Missiles
 f - 26 bolts
 r - 2 boomerangs
 t - 174 stones
 w - 9 curare-tipped darts (quivered)
 y - 13 poisoned darts
 K - 17 sling bullets
Armour
 b - a +0 scale mail
 c - a +0 kite shield
 h - a +2 helmet (worn)
 i - +0 acid dragon scales (worn)
 l - a +0 cloak
Magical Staves
 v - a staff of cold
Jewellery
 q - a +4 ring of evasion (left hand)
 I - an amulet of guardian spirit
Wands
 e - a wand of digging (9)
 C - a wand of paralysis (7)
 G - a wand of iceblast (11)
 H - a wand of polymorph (8)
Scrolls
 g - a scroll of noise
 k - 6 scrolls of teleportation
 x - 3 scrolls of amnesia
 F - a scroll of vulnerability
 L - a scroll of holy word
Potions
 d - a potion of might
 m - 3 potions of brilliance
 o - a potion of magic
 z - a potion of resistance
 A - 3 potions of curing
 B - a potion of heal wounds


   Skills:
 + Level 5.6 Fighting
 - Level 7.1 Axes
 * Level 9.4 Staves
 + Level 1.3(1.8) Slings
 + Level 1.5(1.7) Throwing
 + Level 6.7 Armour
 + Level 5.3 Dodging
 + Level 2.3 Stealth
 + Level 6.2 Shields


You had 9 spell levels left.
You didn't know any spells.
Your spell library contained the following spells:

 Spells                   Type           Power      Damage    Failure   Level
 Animate Skeleton         Necr           0%         N/A       43%         1
 Apportation              Tloc           0%         N/A       43%         1
 Corona                   Hex            0%         N/A       43%         1
 Foxfire                  Conj/Fire      0%         2x1d4     43%         1
 Summon Small Mammal      Summ           0%         N/A       43%         1
 Static Discharge         Conj/Air       0%         N/A       56%         2
 Conjure Flame            Conj/Fire      0%         6-21      80%         3
 Inner Flame              Hex/Fire       0%         N/A       80%         3
 Dispel Undead            Necr           0%         3d6       99%         4
 Sticky Flame             Conj/Fire      0%         2d3       99%         4
 Alistair's Intoxication  Tmut/Pois      0%         N/A       100%        5
 Invisibility             Hex            0%         N/A       100%        6


Dungeon Overview and Level Annotations

Branches:
Dungeon (9/15)             Temple (1/1) D:7
   Lair: D:8-11         Orc: D:9-12

Altars:
Cheibriados
Elyvilon
Hepliaklqana
Kikubaaqudgha
Makhleb
Nemelex Xobeh
Qazlal
Trog
Vehumet
Wu Jian
The Shining One

Shops:
D:1 *??   D:4 [

Annotations:
D:5 2 transporters, cahman's ghost, amateur HOMo


Innate Abilities, Weirdness & Mutations

You are resistant to damage.
You can heal yourself by infusing magical energy.
You passively map the area around you.
You do not regenerate.
You are partially covered in iridescent scales. (AC +2)
You tend to lose your temper in combat.


Message History

The starspawn tentacle grabs you. The starspawn tentacle constricts you.
You escape the starspawn tentacle's grasp.
A tentacle flies out from the starspawn's body!
A starspawn tentacle comes into view.
A tentacle flies out from the starspawn's body!
A starspawn tentacle comes into view.
A thrashing horror comes into view.
The thrashing horror moves out of view.
A tentacle flies out from the starspawn's body!
A starspawn tentacle comes into view.
A tentacled starspawn comes into view.
The thrashing horror roars!
You hear a roar!
Found 21 gold pieces.
Tentacles burst from the starspawn's body! 2 starspawn tentacles come into view.
The thrashing horror tramples you but does no damage.
The thrashing horror misses you.
A jiangshi comes into view.
The thrashing horror misses you.
The thrashing horror tramples you but does no damage.
A wretched star comes into view.
The thrashing horror tramples you!
* * * LOW HITPOINT WARNING * * *
You hold your ground!
The thrashing horror closely misses you. x2
The thrashing horror barely misses you.
The thrashing horror tramples you but does no damage.
The thrashing horror tramples you.
* * * LOW HITPOINT WARNING * * *
You stumble backwards!
A jiangshi comes into view.
The thrashing horror roars!
The thrashing horror tramples you but does no damage.
The thrashing horror barely misses you.
The wretched star glows turbulently.
The lance of force hits you!!
* * * LOW HITPOINT WARNING * * *
You are knocked back by the lance of force.
You collide with the thrashing horror!
You die...

............. ........
................ .....
...................... .
#...........#.......
..##.....#...##....# ...
.........#....#....# ...
.........X.......###....
V.......X.....#.........
.#..#@X##.#.#..##. . .
#.V...*###.....X..#.##..
#.##... ...#...........
#...##.....###.### ..
##.. ......#8...8
...###.#... .#.## .#
..#..#####.# . .8#. ##..
..#.# #.#### #.... #.
#X8 #


You could see a tentacled starspawn, a wretched star, 2 jiangshi and 2 thrashing
horrors.

Vanquished Creatures
  A boulder beetle (D:7)
  Pikel (D:4)
  A smoke demon (Abyss:2)
  An ancient zyme (Abyss:2)
  A hornet (D:7)
  A vampire (D:8)
  Eustachio (D:5)
  6 yaks (D:7)
  A shadow (D:7)
  2 black bears (D:8)
  2 ice beasts
  An orc warrior (D:8)
  2 sky beasts (D:8)
  A centaur (D:8)
  2 lemures (D:4)
  3 kobold brigands
  3 bullfrogs
  4 scorpions
  A wyvern skeleton (D:6)
  3 killer bees (D:7)
  3 wights (D:6)
  7 starcursed masses (Abyss:3)
  2 jellies
  5 hounds
  4 orc priests
  A bullfrog skeleton (D:6)
  A gnoll shaman (D:6)
  Jessica (D:2)
  Natasha (thrice) (D:4 D:3)
  6 iguanas
  5 orc wizards
  7 gnolls
  3 adders
  2 worms
  A dart slug (D:2)
  26 orcs
  12 ball pythons
  5 endoplasms
  A giant cockroach (D:1)
  11 goblins
  4 hobgoblins
  17 kobolds
  2 quokkas
  5 bats
  5 frilled lizards
  5 rats
  A spectral hobgoblin (D:1)
183 creatures vanquished.

Vanquished Creatures (others)
  2 fungi (D:7)
  12 starspawn tentacles (Abyss:3)
  3 toadstools (D:7)
17 creatures vanquished.

Grand Total: 200 creatures vanquished

Notes
Turn   | Place    | Note
-------+----------+-------------------------------------------
     0 | D:1      | jlumianski the Deep Dwarf Fighter began the quest for the
                  | Orb.
     0 | D:1      | Reached XP level 1. HP: 20/20 MP: 1/1
    33 | D:1      | Found Getu's Assorted Antiques.
   129 | D:1      | Reached XP level 2. HP: 24/27 MP: 2/2
   146 | D:1      | Found Xysiut's Magic Scroll Emporium.
   324 | D:1      | Found a faded altar of an unknown god.
   354 | D:1      | Found Elududgh's Magic Scroll Shop.
   896 | D:1      | Reached XP level 3. HP: 17/33 MP: 3/3
  1018 | D:2      | Noticed Jessica
  1026 | D:2      | Killed Jessica
  1145 | D:2      | Reached XP level 4. HP: 22/42 MP: 4/4
  1746 | D:3      | Reached XP level 5. HP: 42/49 MP: 5/5
  1988 | D:3      | Found a snail-covered altar of Cheibriados.
  1989 | D:3      | Found a white marble altar of Elyvilon.
  1991 | D:3      | Found an ancient bone altar of Kikubaaqudgha.
  1991 | D:3      | Found a radiant altar of Vehumet.
  1995 | D:3      | Found a glowing golden altar of the Shining One.
  2131 | D:4      | Noticed Natasha
  2147 | D:4      | Killed Natasha
  2148 | D:4      | Reached skill level 1 in Dodging
  2171 | D:4      | Noticed Natasha
  2286 | D:1      | Bought a scroll of identify for 26 gold pieces
  2286 | D:1      | Bought a scroll of enchant armour for 97 gold pieces
  2358 | D:5      | Entered Level 5 of the Dungeon
  2358 | D:5      | Noticed an ice beast
  2376 | D:3      | Killed Natasha
  2387 | D:3      | Noticed Natasha
  2397 | D:3      | Killed Natasha
  2398 | D:3      | Reached XP level 6. HP: 34/56 MP: 6/6
  2665 | D:4      | Found an ornate altar of the Wu Jian Council.
  2732 | D:4      | Reached skill level 5 in Axes
  2966 | D:4      | Reached XP level 7. HP: 41/63 MP: 7/7
  2997 | D:4      | Found Zaefa's Armour Emporium.
  3146 | D:5      | Found a transporter.
  3149 | D:5      | Noticed cahman's ghost (amateur HOMo)
  3163 | D:5      | Noticed Eustachio
  3254 | D:5      | Found a transporter.
  3255 | D:5      | Noticed Pikel
  3260 | D:5      | Killed Eustachio
  3261 | D:5      | Reached skill level 5 in Shields
  3331 | D:4      | Killed Pikel
  3332 | D:4      | Reached skill level 5 in Armour
  3332 | D:4      | Reached XP level 8. HP: 23/73 MP: 7/7
  4103 | D:5      | Found a hazy altar of Hepliaklqana.
  4187 | D:6      | Reached skill level 1 in Staves
  4240 | D:6      | Reached skill level 1 in Throwing
  4297 | D:6      | Reached skill level 2 in Staves
  4441 | D:6      | Reached skill level 3 in Staves
  4606 | D:6      | Identified the +5 hunting sling "Kihogumu" {venom, rElec
                  | Str+4 Dex+3 Stlth+}
  4672 | D:6      | Found a sparkling altar of Nemelex Xobeh.
  5163 | D:7      | Found a staircase to the Ecumenical Temple.
  5194 | Temple   | Entered the Ecumenical Temple
  5220 | Temple   | Became a worshipper of Makhleb the Destroyer
  5275 | D:7      | Gained mutation: You passively map the area around you.
                  | [Deep Dwarf growth]
  5275 | D:7      | Reached XP level 9. HP: 51/79 MP: 8/8
  5539 | D:7      | Reached skill level 4 in Staves
  5563 | D:7      | Reached skill level 1 in Stealth
  5569 | D:7      | Reached skill level 5 in Staves
  5600 | D:7      | Reached skill level 5 in Fighting
  5604 | D:7      | Reached skill level 6 in Staves
  5624 | D:7      | Noticed a boulder beetle
  5677 | D:7      | Paralysed by a hornet for 3 turns
  5681 | D:7      | Paralysed by a hornet for 1 turns
  5889 | D:7      | Reached skill level 7 in Staves
  5949 | D:7      | Killed a boulder beetle
  5949 | D:7      | Reached * piety under Makhleb
  5950 | D:7      | Reached XP level 10. HP: 76/88 MP: 8/8
  6283 | D:8      | Reached skill level 8 in Staves
  6384 | D:8      | Reached skill level 1 in Slings
  6632 | D:8      | Gained mutation: Armour fits poorly on your strangely
                  | shaped body. [potion of mutation]
  6632 | D:8      | Gained mutation: You tend to lose your temper in combat.
                  | [potion of mutation]
  6632 | D:8      | Gained mutation: You expend magic power (3 MP) to
                  | strengthen your wands. [potion of mutation]
  6632 | D:8      | Gained mutation: You have sharp toenails. [potion of
                  | mutation]
  6633 | D:8      | Lost mutation: Armour fits poorly on your strangely shaped
                  | body. [potion of mutation]
  6633 | D:8      | Lost mutation: You expend magic power (3 MP) to strengthen
                  | your wands. [potion of mutation]
  6633 | D:8      | Lost mutation: You have sharp toenails. [potion of
                  | mutation]
  6633 | D:8      | Gained mutation: You are partially covered in iridescent
                  | scales. (AC +2) [potion of mutation]
  6897 | D:8      | Reached ** piety under Makhleb
  7067 | D:9      | Cast into level 2 of the Abyss (kobold brigand)
  7096 | Abyss:2  | Reached skill level 9 in Staves
  7096 | Abyss:2  | Reached skill level 5 in Dodging
  7118 | Abyss:2  | Noticed a smoke demon
  7120 | Abyss:2  | HP: 4/88 [large abomination (33)]
  7145 | Abyss:2  | Noticed a smoke demon
  7158 | Abyss:2  | Killed a smoke demon
  7196 | Abyss:3  | Noticed a starcursed mass
  7196 | Abyss:3  | Noticed a thrashing horror
  7234 | Abyss:3  | Killed a starcursed mass
  7237 | Abyss:3  | Killed a starcursed mass
  7240 | Abyss:3  | Killed a starcursed mass
  7248 | Abyss:3  | Noticed a tentacled starspawn
  7250 | Abyss:3  | Noticed a tentacled starspawn
  7274 | Abyss:3  | Noticed a thrashing horror
  7276 | Abyss:3  | Noticed a tentacled starspawn
  7281 | Abyss:3  | Noticed a jiangshi
  7282 | Abyss:3  | Noticed a wretched star
  7284 | Abyss:3  | Noticed a jiangshi
  7284 | Abyss:3  | Collided with a thrashing horror

Illustrated notes

Levels and vault maps discovered:
D:1:      heliophobic_arrival_ceremonial_halls, layout_loops_corners,
          serial_shops, shop, shop_fountains, shop_scrolls,
          dreamdust_ecumenical_altar_drowned_temple
D:2:      layout_basic, uniq_jessica
D:3:      layout_rooms, minitemple, st_stairs_11
D:4:      layout_cave_pools, lemuel_round_altar, serial_shops,
          kennysheep_mini_moat, chequers_serial_rivers_small_a, uniq_natasha
D:5:      layout_loops_ring, nicolae_hepliaklqana_hippocampus,
          gammafunk_ghost_arena, uniq_eustachio, uniq_pikel
D:6:      layout_cave_pods, nemelex_spade_bored_becter
D:7:      layout_loops_ring, minmay_temple_entry_glassed_door,
          chequers_serial_rivers_large_a, minmay_gold_behind_fungi,
          minivault_22, hangedman_decor_clover_reticule,
          kennysheep_opposing_triangles
D:8:      layout_gridville, nzn_life_drinkers
D:9:      layout_stronghold, lair_entry_dummy
Temple:   nicolae_temple_god_jail
Abyss:3:  base: D:1, hangedman_abyss_or_decor_slice

Skill      XL: |  1  2  3  4  5  6  7  8  9 10 |
---------------+-------------------------------+-----
Fighting       | 3 4 5 |  5.6
Axes           | 3 4 5 6 7 |  7.1
Armour         | 4 5 6 |  6.7
Shields        | 4 5 6 |  6.2
Dodging        | 1 2 3 4 5 |  5.3
Staves         | 3 7 9 |  9.4
Throwing       | 1 |  1.5
Stealth        | 1 2 |  2.3
Slings         | 1 |  1.3

Action                   |  1- 3 |  4- 6 |  7- 9 | 10-12 || total
-------------------------+-------+-------+-------+-------++-------
Melee: War axe           |    78 |   262 |   150 |       ||   490
       Lajatang          |       |       |   187 |   192 ||   379
 Fire: Hunting sling     |       |     8 |     5 |     7 ||    20
Throw: Dart              |       |     3 |    19 |     1 ||    23
       Boomerang         |       |       |     4 |       ||     4
 Abil: Heal Wounds       |       |     5 |     9 |     7 ||    21
Evoke: Wand              |       |       |       |     1 ||     1
  Use: Scroll            |       |     6 |     8 |     1 ||    15
       Potion            |       |     1 |       |     4 ||     5
Armor: Scale mail        |    29 |   123 |    50 |       ||   202
       Acid dragon scale |       |       |    45 |    87 ||   132
Dodge: Dodged            |    26 |   139 |   238 |   229 ||   632
Block: Kite shield       |    56 |   189 |   101 |       ||   346
